 Dungeon Crawl Stone Soup version 0.29-a0-495-g17b79114eb (webtiles) character file.

Game seed: 17040238214911239979

289 Hubjo the Magician (level 6, -15/37 HPs)
             Began as a Deep Elf Fire Elementalist on May 27, 2022.
             Was a Priest of Vehumet.
             Demolished by an ogre
             ... wielding a +0 giant spiked club
              (21 damage)
             ... on level 5 of the Dungeon.
             The game lasted 00:07:48 (5475 turns).

Hubjo the Magician (Deep Elf Fire Elementalist)     Turns: 5475, Time: 00:07:48

Health: -15/37     AC:  3    Str:  9    XL:     6   Next: 9%
Magic:  12/14      EV: 12    Int: 26    God:    Vehumet [***...]
Gold:   226        SH:  0    Dex: 15    Spells: 9/14 levels left

rFire   . . .      SeeInvis .   d - +5 falchion "Kankeduutin" {vorpal, Str+4 Int+4}
rCold   . . .      Faith    .   (no shield)
rNeg    . . .      Spirit   .   a - +0 robe
rPois   .          Reflect  .   h - +0 helmet
rElec   .          Harm     .   (no cloak)
rCorr   .          Rampage  .   (no gloves)
Will    .....                   (no boots)
Stlth   +++.......              (no amulet)
HPRegen 0.12/turn               (no ring)
MPRegen 0.14/turn               (no ring)

@: hasted, very quick
A: no striking features
a: Renounce Religion


You were on level 5 of the Dungeon.
You worshipped Vehumet.
Vehumet was most pleased with you.
You visited 1 branch of the dungeon, and saw 5 of its levels.

You collected 226 gold pieces.

Inventory:

Hand Weapons
 d - the +5 falchion "Kankeduutin" (weapon) {vorpal, Str+4 Int+4}
   (You found it on level 4 of the Dungeon)

   It inflicts extra damage upon your enemies.
   Str:       It affects your strength (+4).
   Int:       It affects your intelligence (+4).
 k - a +1 vampiric dagger
Armour
 a - a +0 robe (worn)
 h - a +0 helmet (worn)
Wands
 p - a wand of iceblast (4)
Scrolls
 c - a scroll of teleportation {unknown}
 f - a scroll of noise
 g - a scroll of enchant weapon
 j - 3 scrolls of amnesia
 o - a scroll of brand weapon
 q - a scroll of summoning {unknown}
Potions
 b - a potion of haste
 e - a potion of degeneration {unknown}
 i - a potion of curing {unknown}
 l - a potion of invisibility {unknown}
 m - 2 potions of flight {unknown}
 n - a potion of heal wounds {unknown}


   Skills:
 + Level 3.0 Fighting
 - Level 2.4 Dodging
 + Level 4.3 Stealth
 + Level 4.6 Spellcasting
 - Level 1.1 Conjurations
 * Level 4.4 Fire Magic


You had 9 spell levels left.
You knew the following spells:

 Your Spells              Type           Power      Damage    Failure   Level
a - Foxfire               Conj/Fire      80%        2x1d8     1%          1
b - Flame Wave            Conj/Fire      20%        2d7       7%          4

Your spell library contained the following spells:

 Spells                   Type           Power      Damage    Failure   Level
 Poisonous Vapours        Pois/Air       10%        N/A       3%          2
 Scorch                   Fire           58%        2d8       1%          2
 Static Discharge         Conj/Air       8%         N/A       2%          2
 Conjure Flame            Conj/Fire      20%        6-21      2%          3
 Inner Flame              Hex/Fire       17%        N/A       2%          3
 Mephitic Cloud           Conj/Pois/Air  7%         N/A       5%          3
 Sticky Flame             Conj/Fire      20%        2d4       7%          4
 Call Canine Familiar     Summ           5%         N/A       24%         3
 Portal Projectile        Hex/Tloc       10%        N/A       24%         3
 Vampiric Draining        Necr           5%         2d6       24%         3
 Dispel Undead            Necr           5%         3d7       63%         4
 Leda's Liquefaction      Hex/Erth       2%         N/A       63%         4
 Summon Lightning Spire   Summ/Air       5%         N/A       63%         4
 Necromutation            Tmut/Necr      2%         N/A       100%        8


Dungeon Overview and Level Annotations

Branches:
Dungeon (5/15)
 Temple: D:4-7

Altars:
Kikubaaqudgha
Vehumet

Shops:
D:2 (


Message History

The flame wave engulfs the goblin.
You kill the goblin!
Vehumet accepts your kill.
You feel your power returning.
The flame wave engulfs the ogre.
The ogre is lightly wounded.
The flame wave engulfs the goblin.
You kill the goblin!
Vehumet accepts your kill.
You feel your power returning.
You finish channelling waves of flame.
You hear a shout!
Casting: Flame Wave (quite dangerous; 7% risk of failure)
Confirm with . or Enter, or press ? or * to list all spells.
The spell is quite dangerous to miscast (7% risk of failure)!
Continue anyway? [Y]es or [N]o only, please.
The spell is quite dangerous to miscast (7% risk of failure)!
Continue anyway?
Okay, then.
Casting: Flame Wave (quite dangerous; 7% risk of failure)
Confirm with . or Enter, or press ? or * to list all spells.
You conjure some foxfire!
The ogre closely misses you.
Casting: Foxfire (safe; 1% risk of failure)
Confirm with . or Enter, or press ? or * to list all spells.
You conjure some foxfire!
Casting: Foxfire (safe; 1% risk of failure)
Confirm with . or Enter, or press ? or * to list all spells.
You don't know that spell.
Your foxfire dissipates!
The ogre attacks as you move away!
The ogre hits you with a +0 giant spiked club!!
Ouch! That really hurt!
* * * LOW HITPOINT WARNING * * *
The foxfire hits the ogre.
The ogre is moderately wounded.
The foxfire hits the ogre.
The ogre is heavily wounded.
The foxfire hits the ogre!
The ogre is almost dead.
It was a potion of haste.
You feel yourself speed up.
The ogre hits you with a +0 giant spiked club!!
Ouch! That really hurt!
You die...

# #### #. ).#
#.##.## ###
#####.##§.#))(#
.......#@Og)(.#
........§##...#
#####.#.## ###
#.#.## #.#..#
#######.##.#
#..........#
####.......#
#..........##


You could see an ogre and a goblin.

Vanquished Creatures
  A gnoll sergeant (D:4)
  An orc priest (D:4)
  An orc wizard (D:4)
  Robin (D:2)
  3 gnolls (D:4)
  2 adders
  An ufetubus (D:4)
  3 worms (D:2)
  4 dart slugs
  7 orcs
  5 endoplasms
  A giant cockroach (D:1)
  23 goblins
  5 hobgoblins
  3 jackals
  6 kobolds
  A quokka (D:1)
  8 ball pythons
  5 bats
  A frilled lizard (D:1)
  4 rats
86 creatures vanquished.

Vanquished Creatures (others)
  436 foxfires
436 creatures vanquished.

Grand Total: 522 creatures vanquished

Notes
Turn   | Place    | Note
-------+----------+-------------------------------------------
     0 | D:1      | Hubjo the Deep Elf Fire Elementalist began the quest for
                  | the Orb.
     0 | D:1      | Reached XP level 1. HP: 10/10 MP: 6/6
   276 | D:1      | Found a faded altar of an unknown god.
   314 | D:1      | Prayed at the altar of an unknown god.
   314 | D:1      | Became a worshipper of Vehumet
   314 | D:1      | Reached * piety under Vehumet
   314 | D:1      | Offered knowledge of Shock by Vehumet.
   460 | D:1      | Reached XP level 2. HP: 14/16 MP: 2/8
   897 | D:1      | Reached skill level 1 in Fighting
  1732 | D:2      | Reached XP level 3. HP: 16/20 MP: 3/9
  1909 | D:2      | Found an ancient bone altar of Kikubaaqudgha.
  1949 | D:2      | Noticed Robin
  1952 | D:2      | Offered knowledge of Freeze by Vehumet.
  1953 | D:2      | Reached ** piety under Vehumet
  1961 | D:2      | Killed Robin
  2367 | D:2      | Reached XP level 4. HP: 26/26 MP: 7/11
  2823 | D:2      | Found Owkid's Weapon Emporium.
  2861 | D:2      | Identified a scroll of acquirement
  2863 | D:2      | Acquired the Compendium of a Thousand Portals
  3931 | D:3      | Offered knowledge of Poisonous Vapours by Vehumet.
  4332 | D:4      | Noticed a gnoll sergeant
  4344 | D:4      | Reached XP level 5. HP: 30/30 MP: 13/13
  4698 | D:4      | Identified the +5 falchion "Kankeduutin" {vorpal, Str+4
                  | Int+4}
  4888 | D:4      | Reached *** piety under Vehumet
  5246 | D:4      | Reached XP level 6. HP: 24/37 MP: 9/14
  5366 | D:4      | Learned a level 4 spell: Flame Wave
  5423 | D:5      | Entered Level 5 of the Dungeon
  5475 | D:5      | Demolished by an ogre

Illustrated notes

Levels and vault maps discovered:
D:1:      minmay_arrival_four_houses, layout_loops_corners,
          ebering_ecumenical_altar_abandoned,
          hangedman_abyss_or_decor_lesser_grid, chequers_serial_rivers_room_a,
          minmay_tetromino_o4
D:2:      layout_basic, basic_altar, serial_shops,
          nicolae_shop_bloodbath_and_beyond, minmay_box_of_dots, uniq_robin
D:3:      layout_loops_ring, kennysheep_generic_room_6
D:4:      layout_basic, minmay_statues_item
D:5:      layout_basic, tso_altar, minmay_ogre_servants, uniq_pikel

Skill      XL: |  1  2  3  4  5 |
---------------+----------------+-----
Fighting       | 1 2 3 |  3.0
Stealth        | 3 4 |  4.3
Fire Magic     | 4 |  4.4
Spellcasting   | 4 |  4.6
Dodging        | |  2.4
Conjurations   | |  1.1

Action                   |  1- 3 |  4- 6 || total
-------------------------+-------+-------++-------
Melee: Falchion          |       |     3 ||     3
 Cast: Foxfire           |   136 |   136 ||   272
       Flame Wave        |       |     1 ||     1
  Use: Scroll            |       |     6 ||     6
       Potion            |       |     2 ||     2
Armor: Robe              |     4 |     1 ||     5
Dodge: Dodged            |    12 |    19 ||    31

Table legend: (Time is in decaauts)
 A = Elapsed time spent in this place.
 B = Non-inter-level travel time spent in this place.
 C = Inter-level travel time spent in this place.
 D = Time resting spent in this place.
 E = Time spent auto-exploring this place.
 F = Levels seen in this place.
 G = Mean time per level.
                   A        B        C        D        E       F      G
               +--------+--------+--------+--------+--------+-----+--------+
         Total |   5473 |   5295 |    178 |      0 |   4734 |   5 | 1094.6 |
       Dungeon |   5473 |   5295 |    178 |      0 |   4734 |   5 | 1094.6 |
               +--------+--------+--------+--------+--------+-----+--------+

Top non-repeatable levels by time:
     D:1: 1715 daAuts
     D:3: 1280 daAuts
     D:4: 1218 daAuts
     D:2: 1208 daAuts
     D:5: 51 daAuts
